[ AOE2 MATCH · #504713404 ]
UnrankedEthiopians vs Byzantines
Player's team · LOSS
Rival team · WIN
[ REPLAY ANALYSIS · EXTRACTED FROM THE RECORDED GAME ]
Feudal
9:28
Castle
22:58
Imperial
—
| APM avg | 66.6 |
| APM peak | 110 |
| eAPM avg | 39.1 |
| Villagers / military | 228 / 46 |
Focus
⚔️ 55.4% · 🌾 44.6%
Skirmisher ×20 · Archer ×10 · Mangonel ×8 · Militia ×4 · Monk ×3 · Battering Ram ×1
Feudal
9:18
Castle
23:00
Imperial
38:31
| APM avg | 50.2 |
| APM peak | 108 |
| eAPM avg | 26.8 |
| Villagers / military | 139 / 23 |
Focus
⚔️ 26.7% · 🌾 73.3%
Skirmisher ×11 · Mangonel ×6 · Monk ×2 · Spearman ×1 · Cataphract ×1 · Battering Ram ×1
Match map
Initial resources + every placement click. Lines = walls · curves = elevation contours. ◆ gold · ⬟ stone · ● berries · ✦ relic · ◌ wall gap
Your base· ✓ Closed at 22:58 · 46t walls · no gate
mouri's base· ✓ Closed at 23:00 · 49t walls · no gate
Smoothed initial terrain · ◌ = detected wall gap · hover for details
Inputs per minute
— HaraKiri_aoe - - mouri
Build order — HaraKiri_aoe
First 150 of 443 actions detected
| 0:00 | Create | Villager (Male) |
| 0:01 | Create | Villager (Male) |
| 0:02 | Build | House |
| 0:02 | Create | Villager (Male) |
| 0:04 | Build | House |
| 0:05 | Create | Villager (Male) |
| 1:25 | Create | Villager (Male) |
| 2:00 | Build | Lumber Camp |
| 2:15 | Create | Villager (Male) |
| 2:15 | Create | Villager (Male) |
| 2:35 | Create | Villager (Male) |
| 3:04 | Create | Villager (Male) |
| 3:44 | Create | Villager (Male) |
| 3:59 | Build | House |
| 4:06 | Create | Villager (Male) |
| 4:41 | Create | Villager (Male) |
| 4:52 | Create | Villager (Male) |
| 5:11 | Create | Villager (Male) |
| 5:21 | Build | Barracks |
| 5:56 | Build | House |
| 6:01 | Build | House |
| 6:02 | Create | Villager (Male) |
| 6:11 | Create | Villager (Male) |
| 6:20 | Research | Loom |
| 6:49 | Create | Villager (Male) |
| 7:18 | Research | Feudal Age |
| 7:40 | Build | Mining Camp |
| 7:43 | Create | Militia |
| 7:53 | Build | Mill |
| 8:01 | Build | House |
| 8:16 | Create | Militia |
| 8:38 | Create | Militia |
| 8:59 | Create | Villager (Male) |
| 9:16 | Create | Villager (Male) |
| 9:28 | Age | Feudal Age |
| 9:33 | Research | Double-Bit Axe |
| 9:36 | Build | Archery Range |
| 9:37 | Build | House |
| 9:47 | Research | Man-at-Arms (upgrade) |
| 9:55 | Create | Villager (Male) |
| 9:59 | Create | Villager (Male) |
| 10:19 | Create | Villager (Male) |
| 10:33 | Create | Villager (Male) |
| 10:33 | Create | Villager (Male) |
| 10:39 | Create | Villager (Male) |
| 10:40 | Create | Villager (Male) |
| 10:41 | Create | Skirmisher |
| 10:45 | Create | Villager (Male) |
| 10:48 | Build | Farm |
| 10:49 | Build | Farm |
| 10:52 | Build | Blacksmith |
| 10:55 | Create | Villager (Male) |
| 10:59 | Create | Villager (Male) |
| 10:59 | Create | Villager (Male) |
| 11:09 | Research | Man-at-Arms (upgrade) |
| 11:09 | Create | Skirmisher |
| 11:09 | Create | Skirmisher |
| 11:20 | Build | Watch Tower |
| 11:22 | Create | Villager (Male) |
| 11:38 | Build | Farm |
| 11:46 | Create | Villager (Male) |
| 12:04 | Build | Farm |
| 12:06 | Build | House |
| 12:15 | Create | Villager (Male) |
| 12:15 | Create | Villager (Male) |
| 12:22 | Build | Watch Tower |
| 12:25 | Create | Skirmisher |
| 12:37 | Build | Farm |
| 12:39 | Create | Militia |
| 13:00 | Create | Villager (Male) |
| 13:00 | Create | Villager (Male) |
| 13:13 | Build | Farm |
| 13:14 | Create | Villager (Male) |
| 13:22 | Create | Villager (Male) |
| 13:24 | Build | House |
| 13:26 | Build | House |
| 13:35 | Research | Fletching |
| 13:48 | Build | Mining Camp |
| 13:49 | Create | Villager (Male) |
| 13:50 | Build | House |
| 13:52 | Build | Palisade Wall |
| 14:12 | Create | Villager (Male) |
| 14:16 | Create | Villager (Male) |
| 14:21 | Build | House |
| 14:24 | Create | Skirmisher |
| 14:28 | Build | House |
| 14:30 | Build | House |
| 14:33 | Create | Villager (Male) |
| 14:50 | Create | Villager (Male) |
| 14:50 | Create | Villager (Male) |
| 14:53 | Create | Villager (Male) |
| 14:53 | Create | Villager (Male) |
| 14:59 | Create | Villager (Male) |
| 15:14 | Create | Villager (Male) |
| 15:15 | Create | Skirmisher |
| 15:16 | Create | Skirmisher |
| 15:22 | Build | Market |
| 15:26 | Build | House |
| 15:28 | Build | Palisade Wall |
| 15:36 | Build | House |
| 15:37 | Create | Villager (Male) |
| 15:53 | Build | House |
| 15:54 | Create | Villager (Male) |
| 15:59 | Create | Villager (Male) |
| 15:59 | Create | Villager (Male) |
| 16:09 | Research | Padded Archer Armor |
| 16:10 | Create | Villager (Male) |
| 16:10 | Create | Villager (Male) |
| 16:15 | Create | Villager (Male) |
| 16:20 | Build | Palisade Wall |
| 16:23 | Build | Palisade Wall |
| 16:26 | Build | Farm |
| 16:27 | Create | Villager (Male) |
| 16:29 | Create | Villager (Male) |
| 16:35 | Create | Villager (Male) |
| 16:39 | Create | Skirmisher |
| 16:39 | Create | Skirmisher |
| 16:41 | Create | Villager (Male) |
| 16:46 | Create | Villager (Male) |
| 16:49 | Build | House |
| 16:50 | Create | Villager (Male) |
| 16:50 | Create | Villager (Male) |
| 16:55 | Create | Villager (Male) |
| 16:56 | Create | Villager (Male) |
| 16:59 | Create | Villager (Male) |
| 17:10 | Create | Villager (Male) |
| 17:11 | Build | Farm |
| 17:11 | Create | Villager (Male) |
| 17:12 | Build | Farm |
| 17:13 | Create | Villager (Male) |
| 17:13 | Create | Villager (Male) |
| 17:14 | Create | Villager (Male) |
| 17:25 | Build | Farm |
| 17:30 | Build | Palisade Wall |
| 17:33 | Create | Villager (Male) |
| 17:45 | Create | Villager (Male) |
| 17:45 | Create | Villager (Male) |
| 17:56 | Create | Villager (Male) |
| 18:03 | Research | Wheelbarrow |
| 18:03 | Create | Villager (Male) |
| 18:04 | Create | Villager (Male) |
| 18:05 | Build | Farm |
| 18:07 | Build | Farm |
| 18:07 | Create | Villager (Male) |
| 18:07 | Create | Villager (Male) |
| 18:21 | Create | Villager (Male) |
| 18:21 | Create | Villager (Male) |
| 18:25 | Build | Farm |
| 18:29 | Build | Farm |
| 18:30 | Create | Villager (Male) |
Build order — mouri
First 150 of 288 actions detected
| 0:01 | Create | Villager (Male) |
| 0:01 | Create | Villager (Male) |
| 0:02 | Build | House |
| 0:03 | Build | House |
| 0:11 | Create | Villager (Male) |
| 0:17 | Create | Villager (Male) |
| 1:32 | Create | Villager (Male) |
| 2:03 | Create | Villager (Male) |
| 2:10 | Build | Lumber Camp |
| 2:20 | Create | Villager (Male) |
| 2:21 | Create | Villager (Male) |
| 2:58 | Create | Villager (Male) |
| 3:00 | Create | Villager (Male) |
| 3:34 | Create | Villager (Male) |
| 4:07 | Create | Villager (Male) |
| 4:09 | Build | House |
| 4:35 | Create | Villager (Male) |
| 4:36 | Create | Villager (Male) |
| 4:36 | Create | Villager (Male) |
| 5:05 | Create | Villager (Male) |
| 5:08 | Create | Villager (Male) |
| 5:09 | Create | Villager (Male) |
| 5:25 | Create | Villager (Male) |
| 5:30 | Build | House |
| 5:32 | Build | House |
| 5:34 | Build | Palisade Wall |
| 5:36 | Build | Palisade Wall |
| 5:47 | Build | Mill |
| 5:51 | Create | Villager (Male) |
| 6:00 | Build | Palisade Wall |
| 6:09 | Research | Loom |
| 6:58 | Research | Feudal Age |
| 7:03 | Build | Palisade Wall |
| 7:15 | Build | House |
| 7:29 | Build | Palisade Wall |
| 7:30 | Build | Palisade Wall |
| 7:30 | Build | Palisade Wall |
| 7:30 | Build | Palisade Wall |
| 7:40 | Create | Villager (Male) |
| 7:54 | Build | Barracks |
| 8:36 | Create | Villager (Male) |
| 9:18 | Build | House |
| 9:18 | Age | Feudal Age |
| 9:23 | Create | Villager (Male) |
| 9:26 | Build | Archery Range |
| 9:32 | Research | Double-Bit Axe |
| 9:36 | Research | Horse Collar |
| 9:41 | Build | Farm |
| 9:48 | Build | Palisade Wall |
| 9:52 | Create | Villager (Male) |
| 9:56 | Build | Palisade Wall |
| 9:57 | Build | Palisade Wall |
| 10:06 | Create | Spearman |
| 10:09 | Build | House |
| 10:13 | Build | Farm |
| 10:14 | Create | Villager (Male) |
| 10:41 | Create | Skirmisher |
| 10:48 | Build | House |
| 10:49 | Create | Villager (Male) |
| 10:51 | Build | Farm |
| 10:56 | Build | Farm |
| 11:05 | Create | Skirmisher |
| 11:30 | Create | Villager (Male) |
| 11:31 | Create | Skirmisher |
| 11:38 | Build | Farm |
| 11:40 | Create | Villager (Male) |
| 11:46 | Create | Villager (Male) |
| 11:53 | Build | Watch Tower |
| 12:04 | Create | Villager (Male) |
| 12:18 | Create | Villager (Male) |
| 12:23 | Create | Villager (Male) |
| 12:25 | Build | Farm |
| 12:26 | Build | Farm |
| 13:01 | Build | Palisade Wall |
| 13:04 | Create | Villager (Male) |
| 13:06 | Build | Farm |
| 13:07 | Build | Farm |
| 13:15 | Create | Villager (Male) |
| 13:21 | Build | Farm |
| 13:24 | Build | Farm |
| 13:38 | Create | Skirmisher |
| 13:38 | Create | Skirmisher |
| 13:45 | Create | Villager (Male) |
| 14:10 | Build | House |
| 14:11 | Build | House |
| 14:14 | Create | Villager (Male) |
| 14:39 | Create | Villager (Male) |
| 14:49 | Build | House |
| 14:51 | Build | House |
| 14:55 | Create | Villager (Male) |
| 15:01 | Build | Blacksmith |
| 15:29 | Build | Farm |
| 15:32 | Build | Farm |
| 15:33 | Create | Villager (Male) |
| 15:34 | Build | House |
| 15:53 | Build | Stone Wall |
| 15:58 | Build | House |
| 15:59 | Build | House |
| 16:00 | Build | House |
| 16:07 | Build | Lumber Camp |
| 16:11 | Create | Villager (Male) |
| 16:34 | Create | Villager (Male) |
| 16:51 | Build | Farm |
| 16:59 | Create | Villager (Male) |
| 17:12 | Create | Skirmisher |
| 17:16 | Create | Villager (Male) |
| 17:26 | Build | Market |
| 17:28 | Build | Palisade Wall |
| 17:42 | Create | Villager (Male) |
| 17:53 | Build | Farm |
| 17:55 | Build | Farm |
| 18:12 | Build | Mining Camp |
| 18:25 | Build | Farm |
| 18:35 | Build | House |
| 18:38 | Create | Villager (Male) |
| 18:44 | Build | Farm |
| 19:13 | Build | Farm |
| 19:29 | Create | Villager (Male) |
| 20:00 | Build | House |
| 20:20 | Research | Castle Age |
| 20:20 | Research | Castle Age |
| 20:31 | Build | Watch Tower |
| 20:44 | Build | Mining Camp |
| 20:53 | Create | Skirmisher |
| 20:54 | Create | Skirmisher |
| 20:59 | Research | Fletching |
| 20:59 | Research | Fletching |
| 21:20 | Create | Villager (Male) |
| 21:40 | Research | Wheelbarrow |
| 21:42 | Create | Skirmisher |
| 21:44 | Create | Skirmisher |
| 21:55 | Build | Outpost |
| 22:34 | Create | Villager (Male) |
| 22:56 | Create | Skirmisher |
| 23:00 | Age | Castle Age |
| 23:01 | Build | Gate |
| 23:08 | Build | Town Center |
| 23:14 | Create | Villager (Male) |
| 23:16 | Build | Siege Workshop |
| 23:17 | Create | Villager (Male) |
| 23:21 | Research | Bodkin Arrow |
| 23:41 | Create | Villager (Male) |
| 23:49 | Create | Villager (Male) |
| 23:57 | Build | Town Center |
| 23:58 | Create | Villager (Male) |
| 24:02 | Build | Lumber Camp |
| 24:03 | Create | Villager (Male) |
| 24:10 | Create | Mangonel |
| 24:12 | Create | Villager (Male) |
| 24:18 | Create | Villager (Male) |
Match timeline
| 5:21 | HaraKiri_aoe · first_building Barracks |
| 5:34 | mouri · wall_segment Palisade Wall x3 |
| 5:36 | mouri · wall_segment Palisade Wall x7 |
| 6:00 | mouri · wall_segment Palisade Wall x15 |
| 7:03 | mouri · wall_segment Palisade Wall x8 |
| 7:29 | mouri · wall_segment Palisade Wall x1 |
| 7:30 | mouri · wall_segment Palisade Wall x1 |
| 7:30 | mouri · wall_segment Palisade Wall x1 |
| 7:30 | mouri · wall_segment Palisade Wall x1 |
| 7:54 | mouri · first_building Barracks |
| 9:18 | mouri · age_up feudal |
| 9:26 | mouri · first_building Archery Range |
| 9:28 | HaraKiri_aoe · age_up feudal |
| 9:36 | HaraKiri_aoe · first_building Archery Range |
| 9:48 | mouri · wall_segment Palisade Wall x1 |
| 9:56 | mouri · wall_segment Palisade Wall x1 |
| 9:57 | mouri · wall_segment Palisade Wall x1 |
| 13:01 | mouri · wall_segment Palisade Wall x1 |
| 13:52 | HaraKiri_aoe · wall_segment Palisade Wall x8 |
| 15:28 | HaraKiri_aoe · wall_segment Palisade Wall x1 |
| 15:53 | mouri · wall_segment Stone Wall x6 |
| 16:20 | HaraKiri_aoe · wall_segment Palisade Wall x13 |
| 16:23 | HaraKiri_aoe · wall_segment Palisade Wall x12 |
| 17:28 | mouri · wall_segment Palisade Wall x3 |
| 17:30 | HaraKiri_aoe · wall_segment Palisade Wall x8 |
| 19:59 | HaraKiri_aoe · first_market_buy 100 food |
| 21:37 | HaraKiri_aoe · wall_segment Stone Wall x1 |
| 21:37 | HaraKiri_aoe · wall_segment Stone Wall x1 |
| 21:38 | HaraKiri_aoe · wall_segment Stone Wall x1 |
| 21:38 | HaraKiri_aoe · wall_segment Stone Wall x1 |
| 22:58 | HaraKiri_aoe · age_up castle |
| 23:00 | mouri · age_up castle |
| 23:07 | mouri · first_market_buy 100 stone |
| 23:14 | HaraKiri_aoe · first_building Monastery |
| 23:16 | mouri · first_building Siege Workshop |
| 23:41 | HaraKiri_aoe · wall_segment Stone Wall x1 |
| 23:42 | HaraKiri_aoe · wall_segment Stone Wall x1 |
| 23:42 | HaraKiri_aoe · wall_segment Stone Wall x1 |
| 23:43 | HaraKiri_aoe · wall_segment Stone Wall x1 |
| 23:43 | HaraKiri_aoe · wall_segment Stone Wall x2 |
| 23:43 | HaraKiri_aoe · wall_segment Stone Wall x1 |
| 23:43 | HaraKiri_aoe · wall_segment Stone Wall x1 |
| 23:44 | HaraKiri_aoe · wall_segment Stone Wall x1 |
| 23:44 | HaraKiri_aoe · wall_segment Stone Wall x1 |
| 23:56 | HaraKiri_aoe · first_building Siege Workshop |
| 24:09 | mouri · first_market_sell 100 food |
| 24:49 | HaraKiri_aoe · wall_segment Stone Wall x1 |
| 25:51 | mouri · first_building Monastery |
| 25:55 | HaraKiri_aoe · wall_segment Stone Wall x1 |
| 25:55 | HaraKiri_aoe · wall_segment Stone Wall x1 |
| 25:55 | HaraKiri_aoe · wall_segment Stone Wall x2 |
| 25:56 | HaraKiri_aoe · wall_segment Stone Wall x2 |
| 25:56 | HaraKiri_aoe · wall_segment Stone Wall x2 |
| 25:56 | HaraKiri_aoe · wall_segment Stone Wall x2 |
| 25:56 | HaraKiri_aoe · wall_segment Stone Wall x1 |
| 25:57 | HaraKiri_aoe · wall_segment Stone Wall x3 |
| 25:57 | HaraKiri_aoe · wall_segment Stone Wall x1 |
| 25:57 | HaraKiri_aoe · wall_segment Stone Wall x1 |
| 28:21 | HaraKiri_aoe · wall_segment Stone Wall x1 |
| 28:56 | HaraKiri_aoe · wall_segment Stone Wall x1 |
| 29:04 | HaraKiri_aoe · first_market_sell 500 wood |
| 29:10 | HaraKiri_aoe · wall_segment Stone Wall x1 |
| 29:11 | HaraKiri_aoe · wall_segment Stone Wall x1 |
| 29:11 | HaraKiri_aoe · wall_segment Stone Wall x2 |
| 29:11 | HaraKiri_aoe · wall_segment Stone Wall x2 |
| 29:12 | HaraKiri_aoe · wall_segment Stone Wall x1 |
| 29:12 | HaraKiri_aoe · wall_segment Stone Wall x3 |
| 29:12 | HaraKiri_aoe · wall_segment Stone Wall x1 |
| 29:12 | HaraKiri_aoe · wall_segment Stone Wall x2 |
| 29:13 | HaraKiri_aoe · wall_segment Stone Wall x1 |
| 29:13 | HaraKiri_aoe · wall_segment Stone Wall x1 |
| 31:51 | mouri · first_building Castle |
| 33:55 | HaraKiri_aoe · first_building Castle |
| 38:31 | mouri · age_up imperial |
| 38:40 | HaraKiri_aoe · resign |
[ AI ANALYSIS · 1 CREDIT ]
What really happened in this match?
Wolo.gg analyzes every decision: build order, eco, micro, common mistakes by bracket. Personalized analysis on WhatsApp or Discord in 30 seconds.
Civ guide
Ethiopians
Perfil
Jugador #5367941